 Dungeon Sprint DCSS version 0.27-a0-1256-gced786f65e (webtiles) character file.

Game seed: 8348375981695325051

2183 mhtbhm the Grappler (level 9, -3/82 HPs)
             Began as a Ghoul Monk on June 11, 2021.
             Was the Champion of Makhleb.
             Slain by a two-headed ogre
             ... wielding a +0 giant spiked club
              (25 damage)
             ... in the Dungeon (Sprint VII: "The Pits").
             The game lasted 00:03:06 (2140 turns).

mhtbhm the Grappler (Ghoul Monk)                    Turns: 2140, Time: 00:03:07

Health: -3/82      AC: 12    Str: 21    XL:     9   Next: 33%
Magic:  11/11      EV: 13    Int:  5    God:    Makhleb [******]
Gold:   0          SH:  0    Dex: 14    Spells: 8/8 levels left

rFire    . . .     SeeInvis .     - Unarmed
rCold    + . .     Faith    .   (no shield)
rNeg     + + +     Spirit   .   a - +4 scale mail
rPois    ∞         Reflect  .   (no helmet)
rElec    .         Harm     .   (no cloak)
rCorr    .         Rampage  .   (no gloves)
Will     .....     NoTele   +   (no boots)
Stlth    ++........             (no amulet)
HPRegen  0.00/turn              d - +3 ring of dexterity
MPRegen  0.12/turn              f - +3 ring of strength

@: no status effects
A: claws 1, cold resistance 1, negative energy resistance 3, inhibited
regeneration, torment resistance 2
a: Renounce Religion, Minor Destruction, Lesser Servant of Makhleb, Major
Destruction, Greater Servant of Makhleb


You were in the Dungeon.
You worshipped Makhleb.
Makhleb was exalted by your worship.
You visited 1 branch

Inventory:

Hand Weapons
 j - a +0 spear
Armour
 a - a +4 scale mail (worn)
Jewellery
 d - a +3 ring of dexterity (left claw)
 f - a +3 ring of strength (right claw)
Scrolls
 h - 5 scrolls of amnesia
 i - a scroll of summoning
Potions
 b - 5 potions of curing
 c - 10 potions of heal wounds
 e - 4 potions of magic
 g - 2 potions of invisibility
 k - 2 potions of brilliance
 l - a potion of haste
 m - a potion of might


   Skills:
 + Level 8.5 Fighting
 + Level 8.0 Armour
 + Level 8.6 Dodging
 + Level 5.4 Stealth
 + Level 14.9 Unarmed Combat
 + Level 4.0 Invocations


You had 8 spell levels left.
You didn't know any spells.
Your spell library was empty.

Dungeon Overview and Level Annotations

Branches:
Dungeon (1/1)

Altars:
Ashenzari
Cheibriados
Dithmenos
Elyvilon
Fedhas
Gozag
Hepliaklqana
Kikubaaqudgha
Makhleb
Nemelex Xobeh
Okawaru
Qazlal
Ru
Sif Muna
Trog
Uskayaw
Vehumet
Wu Jian
Xom
Yredelemnul
Zin
The Shining One
Beogh
Jiyva
Lugonu


Innate Abilities, Weirdness & Mutations

You thrive by killing the living.
You are immune to poison.
You have sharp fingernails.
Your flesh is cold resistant. (rC+)
You are immune to negative energy. (rN+++)
You do not regenerate when monsters are visible.
You are immune to unholy pain and torment.


Message History

You start resting.
HP restored.
A yak comes into view.
There is a huge open gate to the Metal Vault (Medium) here.
There is a huge open gate to the Metal Vault (Medium) here.
You barely miss the two-headed ogre. You barely miss the two-headed ogre.
The two-headed ogre closely misses you. The two-headed ogre misses you.
You claw the two-headed ogre!
The two-headed ogre is moderately wounded.
You scratch the two-headed ogre but do no damage.
The two-headed ogre is moderately wounded.
The two-headed ogre hits you with a +0 giant spiked club!
The two-headed ogre closely misses you.
You scratch the two-headed ogre.
The two-headed ogre is moderately wounded.
You claw the two-headed ogre!
The two-headed ogre is heavily wounded.
The two-headed ogre hits you with a +0 giant spiked club!! x2
* * * LOW HITPOINT WARNING * * *
You are too injured to fight recklessly!
You are too injured to fight recklessly!
You are too injured to fight recklessly!
You are too injured to fight recklessly!
You are too injured to fight recklessly!
You are too injured to fight recklessly!
You are too injured to fight recklessly!
You are too injured to fight recklessly!
You are too injured to fight recklessly!
You are too injured to fight recklessly!
You are too injured to fight recklessly!
You are too injured to fight recklessly!
You are too injured to fight recklessly!
You are too injured to fight recklessly!
You are too injured to fight recklessly!
You are too injured to fight recklessly!
You barely miss the two-headed ogre. You claw the two-headed ogre!!
The two-headed ogre is almost dead.
The two-headed ogre hits you with a +0 giant spiked club!!
You die...

____.#
__...###########++######
####'##................#
)))'.##......#..#......#
####.##................+
....))')...............+
#'#####...)..#..#......#
..#).##................#
..'..#####'#####@'######
###'###.......##O'#
.....##.......##..##
)....##.......##...##
#[#####...<...###...##'##.
))[..##.......# ##......Y.
)))..##.......# #..###'###
#######.......##..## ..
..#..###########.. ..


You could see a two-headed ogre.

Vanquished Creatures
  A death yak (D)
  A black mamba (D)
  A troll (D)
  Menkaure (D)
  A black bear (D)
  A necrophage (D)
  A phantom (D)
  4 wights (D)
  A jelly (D)
  2 orc priests (D)
  2 gnolls (D)
  A river rat (D)
  An ufetubus (D)
  2 orcs (D)
  An endoplasm (D)
  A giant cockroach (D)
  5 jackals (D)
  A ball python skeleton (D)
  A frilled lizard (D)
  A kobold (D)
  3 rats (D)
33 creatures vanquished.

Vanquished Creatures (collateral kills)
  A flayed ghost (D)
1 creature vanquished.

Grand Total: 34 creatures vanquished

Notes
Turn   | Place    | Note
-------+----------+-------------------------------------------
     0 | D        | mhtbhm the Ghoul Monk began the quest for the Orb.
     0 | D        | Reached XP level 1. HP: 19/19 MP: 0/0
    22 | D        | Found a bloodstained altar of Trog.
    22 | D        | Found a shimmering blue altar of Sif Muna.
    22 | D        | Found a viscous altar of Jiyva.
    22 | D        | Found a hazy altar of Hepliaklqana.
    22 | D        | Found an opulent altar of Gozag.
    23 | D        | Found a basalt altar of Yredelemnul.
    23 | D        | Found a shimmering altar of Xom.
    23 | D        | Found an ornate altar of the Wu Jian Council.
    23 | D        | Found a sacrificial altar of Ru.
    23 | D        | Found a stormy altar of Qazlal.
    23 | D        | Found an iron altar of Okawaru.
    23 | D        | Found a sparkling altar of Nemelex Xobeh.
    23 | D        | Found a burning altar of Makhleb.
    23 | D        | Found a blossoming altar of Fedhas.
    23 | D        | Found a shadowy altar of Dithmenos.
    23 | D        | Found a snail-covered altar of Cheibriados.
    25 | D        | Found a radiant altar of Vehumet.
    25 | D        | Found a corrupted altar of Lugonu.
    26 | D        | Found a hide-covered altar of Uskayaw.
    26 | D        | Found an ancient bone altar of Kikubaaqudgha.
    26 | D        | Found a broken altar of Ashenzari.
    37 | D        | Became a worshipper of Makhleb the Destroyer
    37 | D        | Reached * piety under Makhleb
    37 | D        | Reached ** piety under Makhleb
    96 | D        | Reached *** piety under Makhleb
   182 | D        | Reached skill level 4 in Unarmed Combat
   190 | D        | Reached XP level 2. HP: 25/27 MP: 1/1
   415 | D        | Reached **** piety under Makhleb
   416 | D        | Reached skill level 5 in Unarmed Combat
   416 | D        | Reached XP level 3. HP: 22/34 MP: 2/2
   604 | D        | Noticed a necrophage
   736 | D        | Noticed Menkaure
   749 | D        | Reached ***** piety under Makhleb
   753 | D        | Reached skill level 5 in Fighting
   762 | D        | Killed a necrophage
   763 | D        | Reached skill level 1 in Armour
   763 | D        | Reached skill level 5 in Dodging
   763 | D        | Reached skill level 7 in Unarmed Combat
   763 | D        | Reached XP level 4. HP: 42/44 MP: 3/3
   763 | D        | Reached XP level 5. HP: 48/50 MP: 4/4
   769 | D        | Killed Menkaure
   770 | D        | Reached skill level 9 in Unarmed Combat
   770 | D        | Reached XP level 6. HP: 25/58 MP: 5/5
   860 | D        | Reached skill level 10 in Unarmed Combat
   985 | D        | Noticed a flayed ghost
  1001 | D        | Killed a flayed ghost
  1002 | D        | Reached skill level 5 in Stealth
  1002 | D        | Reached skill level 12 in Unarmed Combat
  1002 | D        | Reached XP level 7. HP: 9/67 MP: 6/6
  1393 | D        | Reached skill level 13 in Unarmed Combat
  1393 | D        | Reached skill level 1 in Invocations
  1393 | D        | Reached XP level 8. HP: 74/74 MP: 7/7
  1498 | D        | Noticed a death yak
  1498 | D        | Noticed a black mamba
  1516 | D        | Noticed a green death
  1537 | D        | Killed a black mamba
  1538 | D        | Reached skill level 5 in Armour
  1543 | D        | Killed a death yak
  1544 | D        | Reached skill level 14 in Unarmed Combat
  1544 | D        | Reached XP level 9. HP: 25/81 MP: 7/10
  1832 | D        | Noticed a troll
  1832 | D        | Noticed a deep elf zephyrmancer
  1838 | D        | Noticed a two-headed ogre
  1861 | D        | Reached ****** piety under Makhleb
  1870 | D        | Killed a troll
  2140 | D        | Slain by a two-headed ogre

Illustrated notes

Levels and vault maps discovered:
D:        pitsprint [storerooms_1, entrance_room_1, metal_vault_5, armoury_2,
          mini_pit_1, grid_room_1, main_hall_1, silver_pit, the_coven_1,
          the_vestibule_1, steel_vault_5, golden_pit, hallway_of_sentries,
          crystal_vault_4, iron_vault_2, final_vault]

Skill      XL: |  1  2  3  4  5  6  7  8  9 |
---------------+----------------------------+-----
Dodging        | 3 4 5 6 7 8 |  8.6
Unarmed Combat | 4 5 7 9 12 13 14 | 14.9
Fighting       | 4 5 6 7 8 |  8.5
Stealth        | 3 4 5 |  5.4
Armour         | 1 4 7 8 |  8.0
Invocations    | 1 3 4 |  4.0

Action                   |  1- 3 |  4- 6 |  7- 9 || total
-------------------------+-------+-------+-------++-------
Melee: Unarmed           |    61 |    23 |    77 ||   161
       Punch             |       |     1 |     8 ||     9
Invok: Lesser Servant of |       |     1 |       ||     1
       Greater Servant o |       |       |     1 ||     1
  Use: Potion            |     1 |     2 |     3 ||     6
       Scroll            |       |       |     1 ||     1
 Stab: Sleeping          |     1 |       |       ||     1
Armor: Robe              |     3 |       |       ||     3
       Scale mail        |     7 |     3 |    22 ||    32
Dodge: Dodged            |    43 |     5 |    28 ||    76

Table legend: (Time is in decaauts)
 A = Elapsed time spent in this place.
 B = Non-inter-level travel time spent in this place.
 C = Inter-level travel time spent in this place.
 D = Time resting spent in this place.
 E = Time spent auto-exploring this place.
 F = Levels seen in this place.
 G = Mean time per level.
                   A        B        C        D        E       F      G
               +--------+--------+--------+--------+--------+-----+--------+
         Total |   2090 |   2090 |      0 |   1440 |     74 |   1 | 2090.0 |
       Dungeon |   2090 |   2090 |      0 |   1440 |     74 |   1 | 2090.0 |
               +--------+--------+--------+--------+--------+-----+--------+

Top non-repeatable levels by time:
       D: 2090 daAuts
